 Dungeon Crawl Stone Soup version 0.26.1-11-gd32895ea62 (webtiles) character file.

Game seed: 16626903991962908834

123 FancyManDan the Chiller (level 4, -2/33 HPs)
             Began as a Mummy Ice Elementalist on June 4, 2021.
             Slain by an orc
             ... wielding a +2 flail of protection
              (4 damage)
             ... on level 4 of the Dungeon.
             The game lasted 00:10:56 (2978 turns).

FancyManDan the Chiller (Mummy Ice Elementalist)    Turns: 2978, Time: 00:10:57

Health: -2/33      AC:  3    Str: 11    XL:     4   Next: 80%
Magic:  4/9        EV: 12    Int: 15    God:
Gold:   176        SH:  5    Dex: 12    Spells: 3/10 levels left

rFire    x . .     SeeInvis .   e - +0 spear
rCold    + . .     Faith    .   (no shield)
rNeg     + + +     Spirit   .   a - +0 robe
rPois    ∞         Reflect  +   (no helmet)
rElec    .         Harm     .   (no cloak)
rCorr    .         Rampage  .   (no gloves)
Will     .....                  m - +0 pair of boots
Stlth    ++........             j - amulet of reflection
HPRegen  0.11/turn              (no ring)
MPRegen  0.11/turn              (no ring)

@: no status effects
A: no potions, fire vulnerability, cold resistance 1, negative energy resistance
3, torment resistance, unbreathing
a: no special abilities


You were on level 4 of the Dungeon.
You visited 1 branch of the dungeon, and saw 4 of its levels.

You collected 176 gold pieces.

Inventory:

Hand Weapons
 e - a +0 spear (weapon)
Missiles
 c - 5 boomerangs of dispersal
Armour
 a - a +0 robe (worn)
 m - a +0 pair of boots (worn)
Jewellery
 j - an amulet of reflection (around neck)
Wands
 n - a wand of disintegration (14)
Scrolls
 b - 2 scrolls of fog {unknown}
 d - 2 scrolls of teleportation {unknown}
 f - a scroll of amnesia {unknown}
 g - a scroll of fear {unknown}
 h - 4 scrolls of identify {unknown}
 i - 2 scrolls of magic mapping {unknown}
 k - a scroll of blinking {unknown}
 l - 2 scrolls of enchant weapon {unknown}
 o - a scroll of noise {unknown}
 p - a scroll of remove curse {unknown}


   Skills:
 + Level 2.0 Fighting
 + Level 2.4 Dodging
 - Level 1.5 Stealth
 + Level 3.8 Spellcasting
 + Level 3.8 Ice Magic


You had 3 spell levels left.
You knew the following spells:

 Your Spells              Type           Power        Failure   Level
a - Freeze                Ice            56%          3%          1
b - Frozen Ramparts       Ice            28%          11%         3
c - Ozocubu's Armour      Ice            14%          11%         3

Your spell library contained the following spells:

 Spells                   Type           Power        Failure   Level
 Hailstorm                Conj/Ice       8%           63%         4
 Summon Ice Beast         Ice/Summ       8%           63%         4


Dungeon Overview and Level Annotations

Branches:
Dungeon (4/15)
 Temple: D:4-7

Altars:
Qazlal

Annotations:
D:4 Blork the orc


Innate Abilities, Weirdness & Mutations

You do not drink.
Your flesh is vulnerable to fire.
You are immune to poison.
Your flesh is cold resistant. (rC+)
You are immune to negative energy. (rN+++)
You are immune to unholy pain and torment.
You can survive without breathing.


Message History

Confirm with . or Enter, or press ? or * to list all spells.
Aiming: Freeze (safe; 3% risk of failure)
Press: ? - help, Shift-Dir - straight line, f/p - adder
Aim: an adder (severely wounded)
You freeze the adder.
The adder is severely wounded.
The adder completely misses you.
The orc hits you with a +2 flail of protection!
* * * LOW HITPOINT WARNING * * *
An orc wizard comes into view. It is wielding a +0 dagger.
Casting: Freeze (safe; 3% risk of failure)
Confirm with . or Enter, or press ? or * to list all spells.
Aiming: Freeze (safe; 3% risk of failure)
Press: ? - help, Shift-Dir - straight line, f/p - adder
Aim: an adder (severely wounded)
You freeze the adder.
You kill the adder!
The orc wizard shouts!
The orc hits you with a +2 flail of protection.
You die...

#............
###<.(†......
##........#
##........#
###.#.......#.
#...###.......
##.............
#....oo.....o..
#...#@#........
###.####l......
### .o.....
....... .......
##..oo# ..?..
##...


You could see an orc wizard and 2 orcs.

Vanquished Creatures
  A gnoll (D:1)
  5 adders
  A worm (D:3)
  3 dart slugs
  2 leopard geckos
  An orc (D:3)
  A ball python (D:3)
  4 bats
  3 giant cockroaches
  7 hobgoblins
  4 jackals
  9 kobolds
  2 quokkas
  10 frilled lizards
  7 goblins
  9 rats
69 creatures vanquished.

Notes
Turn   | Place    | Note
-------+----------+-------------------------------------------
     0 | D:1      | FancyManDan the Mummy Ice Elementalist began the quest for
                  | the Orb.
     0 | D:1      | Reached XP level 1. HP: 13/13 MP: 4/4
   337 | D:1      | Reached XP level 2. HP: 9/20 MP: 2/5
   601 | D:1      | Reached skill level 1 in Fighting
   611 | D:1      | Reached XP level 3. HP: 14/26 MP: 2/7
  1111 | D:1      | Learned a level 3 spell: Frozen Ramparts
  1115 | D:1      | Learned a level 3 spell: Ozocubu's Armour
  1852 | D:3      | Reached XP level 4. HP: 29/32 MP: 2/9
  2777 | D:3      | Found a stormy altar of Qazlal.
  2910 | D:4      | Noticed Blork the orc
  2910 | D:4      | Noticed an ogre
  2978 | D:4      | Slain by an orc

Illustrated notes

Levels and vault maps discovered:
D:1:      lightli_iron_boxes, layout_rooms
D:2:      layout_rooms
D:3:      layout_loops_corners, grunt_qazlal_clouds
D:4:      layout_cave_pools, okawaru_trees_2, minmay_temple_entry_overgrown,
          serial_shops, shop_fountains, serial_park_tiny_pond,
          uniq_blork_the_orc, uniq_crazy_yiuf_cottage

Skill      XL: |  1  2  3  4 |
---------------+-------------+-----
Spellcasting   | 3 |  3.8
Fighting       | 1 2 |  2.0
Dodging        | 2 |  2.4
Stealth        | |  1.5
Ice Magic      | |  3.8

Action                   |  1- 3 |  4- 6 || total
-------------------------+-------+-------++-------
Melee: Unarmed           |     8 |       ||     8
       Spear             |    57 |    23 ||    80
 Cast: Freeze            |    44 |    23 ||    67
       Frozen Ramparts   |     2 |     4 ||     6
 Stab: Sleeping          |     4 |     3 ||     7
Armor: Robe              |    10 |     2 ||    12
Dodge: Dodged            |    40 |    19 ||    59
Block: Other             |     1 |     4 ||     5
